 Dungeon Crawl Stone Soup version 0.22-a0-305-gd21a89c (webtiles) character file.

117370 grizmgrazm2 the Fighter (level 16, -3/116 HPs)
             Began as a Demonspawn Necromancer on Mar 30, 2018.
             Was the Champion of Hepliaklqana.
             Drowned by a water nymph (7 damage)
             ... on level 1 of the Shoals on Mar 31, 2018.
             The game lasted 03:19:19 (46381 turns).

grizmgrazm2 the Fighter (Demonspawn Necromancer)   Turns: 46381, Time: 03:19:20

Health: -3/116     AC: 21    Str: 16    XL:     16   Next: 23%
Magic:  0/30       EV: 14    Int: 22    God:    Hepliaklqana [******]
Gold:   728        SH:  0    Dex: 13    Spells: 7/35 levels left

rFire    + . .     SeeInvis .   q - +3 long sword of Ambiguity {slice, rPois}
rCold    + . .     Gourm    .   (no shield)
rNeg     . . .     Faith    +   A - +2 fire dragon scales
rPois    +         Spirit   +   i - +2 helmet
rElec    .         Reflect  .   m - +2 cloak
rCorr    .         Harm     .   (gloves unavailable)
MR       +....                  x - +0 pair of boots
Stlth    +.........             B - amulet of faith
HPRegen  0.29/turn              t - ring of wizardry
MPRegen  0.22/turn              d - ring of ice

@: mighty, very slightly contaminated, studying 2 skills, very slow
A: reduced essence, claws 3, iridescent scales 2, cold resistance 1, demonic
guardian 1, magic shield
a: Recall Ancestor, Ancestor Identity, Transference, Idealise, Renounce Religion


You were on level 1 of the Shoals.
You worshipped Hepliaklqana.
Hepliaklqana was exalted by your worship.
You were hungry.

You visited 5 branches of the dungeon, and saw 25 of its levels.
You also visited: Labyrinth.

You collected 2832 gold pieces.
You spent 2104 gold pieces at shops.

Inventory:

Hand Weapons
 b - a +7 dagger of draining
 q - the +3 long sword of Ambiguity (weapon) {slice, rPois}
   (You found it on level 12 of the Dungeon)

   It inflicts extra damage upon your enemies.
   It protects you from poison.
 r - the +0 dagger of Satyriasis {venom, +Blink rF+ Str+4}
   (You found it on level 1 of the Orcish Mines)

   It poisons the flesh of those it strikes.
   It affects your strength (+4).
   It protects you from fire.
   It lets you blink.
Armour
 i - a +2 helmet (worn)
 m - a +2 cloak (worn)
 x - a +0 pair of boots (worn)
 A - +2 fire dragon scales (worn)
Magical Staves
 M - an uncursed staff of death
Jewellery
 d - a ring of ice (right claw)
 t - a ring of wizardry (left claw)
 B - an amulet of faith (around neck)
 F - an uncursed ring of positive energy
 K - an uncursed ring of resist corrosion {unknown}
Wands
 e - a wand of random effects (60)
 j - a wand of iceblast (31)
 k - a wand of enslavement (44)
 w - a wand of polymorph (13)
 D - a wand of digging (28)
 E - a wand of paralysis (10)
 H - a wand of flame (29)
Scrolls
 f - 5 scrolls of remove curse
 n - 3 scrolls of amnesia
 o - a scroll of identify
 p - 2 scrolls of fear
 s - a scroll of torment
 u - a scroll of blinking
 y - 2 scrolls of fog
 z - 4 scrolls of teleportation
Potions
 a - a potion of resistance
 g - 2 potions of ambrosia
 h - 2 potions of flight
 l - a potion of invisibility
 v - a potion of brilliance
 S - a potion of cancellation
Books
 C - a manual of Fire Magic
 I - a manual of Fire Magic
 N - a manual of Bows
Miscellaneous
 G - a lamp of fire
 J - a phantom mirror
Comestibles
 c - 19 rations


   Skills:
 + Level 12.9 Fighting
 - Level 8.4 Short Blades
 + Level 10.3 Dodging
 - Level 8.2 Stealth
 * Level 10.2 Spellcasting
 * Level 10.4 Conjurations
 - Level 7.2 Hexes
 - Level 10.4 Necromancy
 - Level 4.1 Translocations
 * Level 12.7 Fire Magic


You had 7 spell levels left.
You knew the following spells:

 Your Spells              Type           Power        Failure   Level  Hunger
a - Pain                  Necr           ####         1%          1    None
b - Vampiric Draining     Necr           ######....   1%          3    None
c - Animate Dead          Necr           N/A          1%          4    ##.....
d - Dazzling Spray        Conj/Hex       ######       1%          3    None
e - Blink                 Tloc           N/A          3%          2    None
f - Death Channel         Necr           ######....   26%         6    ######.
g - Fireball              Conj/Fire      ######....   2%          5    ####...
h - Sticky Flame          Conj/Fire      ######..     1%          4    ##.....


Dungeon Overview and Level Annotations

Branches:
Dungeon (15/15)            Temple (0/1) D:7            Lair (6/6) D:9
 Shoals (1/4) Lair:4       Spider (1/4) Lair:4        Slime (0/5) Lair:5
    Orc (2/2) D:9             Elf (0/3) Orc:2        Vaults (0/5) D:14
 Depths (0/5) D:15

Altars:
Ashenzari
Elyvilon
Fedhas
Hepliaklqana
Kikubaaqudgha
Qazlal
Uskayaw
Wu Jian
Xom
Zin
Beogh

Shops:
D:4 *   D:6 **   D:11 [*:=   D:12 [   Orc:2 [:}!

Portals:
Trove: D:14 (give 14 potions of heal wounds)


Innate Abilities, Weirdness & Mutations

You have claws for hands.
You are mostly covered in iridescent scales. (AC +4)
Your flesh is cold resistant. (rC+)
A weak demonic guardian rushes to your aid.
When hurt, damage is shared between your health and your magic reserves.
Your life essence is reduced to manifest your ancestor. (-10% HP)


Message History

You completely miss the water nymph.
The water nymph is severely wounded.
You closely miss the water nymph.
The water nymph is severely wounded.
The water nymph points at you and mumbles some strange words.
The water swirls and strikes you!
* * * LOW HITPOINT WARNING * * *
You closely miss the water nymph.
The water nymph is severely wounded.
Wield which item (- for none, * to show all)? (? for menu, Esc to quit)
The +0 dagger of Satyriasis {venom, +Blink rF+ Str+4} stops dripping with poison.
q - the +3 long sword of Ambiguity (weapon)
{slice, rPois} The water nymph points at you and mumbles some strange words.
The water swirls and strikes you!
* * * LOW HITPOINT WARNING * * *
Your unstable footing causes you to fumble your attack.
The water nymph touches you.
* * * LOW HITPOINT WARNING * * *
The water nymph drowns you!
You die...

... #..≈≈PP≈≈≈≈..≈...≈≈≈....$...
≈.. #.≈P≈≈≈≈≈≈..≈≈≈≈≈≈≈.........
P..###.≈≈PP≈≈≈...≈≈≈≈≈≈...#......
≈......≈≈≈≈≈......≈≈...S.R..≈≈§.§
≈≈....≈≈≈≈≈≈)#(..≈..#.....≈.m..≈§
≈≈≈......≈≈..(.≈≈))###..........§
≈.........#...†....###..........≈
.......#####...≈m≈........##....≈
......## ##..≈@≈..#....## .....
...#### ##.........#......P≈≈
...## ##≈.......##..P.PPPP ....##
####≈≈≈≈≈.......... .....###
##....≈≈≈≈≈≈≈.....≈≈ .......##
#...≈≈≈≈≈≈≈≈≈...≈P≈≈
≈.......####.≈≈≈≈≈≈≈≈≈≈≈≈≈≈≈≈≈≈
≈.......:.#.≈≈≈≈≈≈...≈≈≈≈≈≈≈≈≈≈
≈≈≈............≈≈..##.≈≈≈≈≈≈≈≈≈


You could see a water nymph.

Vanquished Creatures
  A fire giant (D:12)
  An entropy weaver (Lair:5)
  A minotaur (Lab)
  3 ettins
  A merfolk impaler (Shoals:1)
  Josephine (Lair:4)
  5 ogre magi
  Fannar (Lair:1)
  3 hydras
  A centaur warrior (D:15)
  4 death yaks
  22 two-headed ogres
  A queen ant (Lair:4)
  Urug (Lair:2)
  3 tengu warriors
  Nergalle (Lair:3)
  2 unseen horrors
  2 sea snakes (Shoals:1)
  A lindwurm (Lair:6)
  A wolf spider (Lair:4)
  6 ugly things
  An orc knight (Orc:2)
  3 orc sorcerers
  3 manticores
  15 cyclopes
  10 elephants
  An ice statue (Shoals:1)
  2 molten gargoyles (Lair:6)
  3 spiny frogs
  A centaur skeleton (D:10)
  7 black mambas
  3 gargoyles
  An efreet (D:14)
  6 komodo dragons
  A rime drake (Lair:4)
  6 trolls
  6 jumping spiders
  A polar bear (Lair:2)
  9 blink frogs
  4 snapping turtles (Shoals:1)
  3 hippogriffs
  6 slime creatures
  9 dream sheep
  Sigmund (D:6)
  A shadow (D:12)
  A spriggan (D:7)
  29 yaks
  A tarantella (Lair:4)
  8 redbacks
  A wyvern (D:15)
  4 wraiths
  A fire elemental (Orc:1)
  3 fire bats (D:12)
  6 basilisks (Lair:6)
  2 hogs (D:14)
  5 vampire mosquitoes
  A steam dragon (Lair:5)
  4 wargs (Orc:1)
  20 soldier ants
  3 hell hounds (Lair:6)
  8 water moccasins
  13 porcupines
  A soldier ant (shapeshifter) (D:13)
  A phantom (D:14)
  3 ice beasts
  2 sky beasts (D:5)
  10 orc warriors
  An eye of draining (D:6)
  7 wolves
  27 ogres
  10 centaurs
  13 crocodiles
  7 bullfrogs
  4 scorpions
  A killer bee (D:7)
  A howler monkey (D:5)
  8 wights
  7 crimson imps
  A lava snake (Lair:6)
  A bullfrog zombie (D:13)
  5 hounds
  2 quasits
  A jelly (D:11)
  Crazy Yiuf (D:2)
  A gnoll shaman (D:6)
  11 orc wizards
  9 orc priests
  7 iguanas
  16 worker ants
  A hound zombie (D:7)
  A hound skeleton (D:4)
  4 gnolls (D:6)
  10 adders
  2 shadow imps (D:9)
  An adder skeleton (D:2)
  2 worms
  2 dart slugs
  2 leopard geckos
  58 orcs
  9 bats
  2 giant cockroaches
  5 hobgoblins
  9 jackals (D:4)
  13 kobolds
  3 quokkas
  A ball python (D:3)
  2 frilled lizards
  16 goblins
  A jackal skeleton (D:4)
  9 rats
  A butterfly (Lair:2)
  2 fungi
589 creatures vanquished.

Vanquished Creatures (collateral kills)
  Kirke (D:14)
  An entropy weaver (Lair:5)
  The ghost of Cofein the Fighter, a journeyman TrBe of Trog (Lair:1)
  A fire dragon (Lair:6)
  3 slime creatures
  2 ogre magi
  A hydra (D:14)
  A catoblepas (D:14)
  7 two-headed ogres
  3 wizards (D:15)
  2 ugly things
  4 cyclopes
  A manticore (Shoals:1)
  10 elephants
  A black mamba (Lair:6)
  A centaur zombie (D:14)
  A naga mage (D:15)
  A centaur skeleton (D:14)
  2 spiny frogs
  2 rime drakes
  3 komodo dragons
  2 trolls
  A merfolk (Shoals:1)
  A wolf spider simulacrum (D:14)
  9 blink frogs
  2 polar bears
  2 dream sheep
  A hippogriff (D:15)
  A tarantella (Spider:1)
  2 redbacks (Lair:4)
  2 wraiths
  2 fire bats (D:12)
  8 yaks
  6 basilisks
  2 wyverns
  3 hogs (D:14)
  2 vampire mosquitoes (D:14)
  A steam dragon (Lair:6)
  A warg (Orc:1)
  6 soldier ants
  2 porcupines
  2 acid dragons (D:14)
  A hell hound (Lair:6)
  3 water moccasins (Lair:6)
  3 orc warriors
  2 sky beasts (D:9)
  An ice beast (D:6)
  A necrophage (D:8)
  An eye of draining (D:15)
  3 centaurs
  15 ogres
  4 wolves
  3 crocodiles
  A big kobold (D:11)
  4 bullfrogs
  2 scorpions
  A water moccasin skeleton (D:6)
  3 killer bees (D:7)
  4 wights
  6 electric eels
  3 lava snakes (Lair:6)
  4 crimson imps (D:9)
  3 hounds
  A jelly (D:12)
  4 orc priests
  7 orc wizards
  A bullfrog skeleton (D:11)
  4 worker ants
  An adder (D:3)
  A gnoll (D:6)
  A shadow imp (D:9)
  14 orcs
  A bat (D:3)
  4 kobolds (D:11)
  A leopard gecko zombie (D:6)
  3 plants
218 creatures vanquished.

Vanquished Creatures (others)
  A fire giant (Orc:1)
  2 humans (D:15)
  A centaur (D:15)
  A jelly (D:15)
  29 hexers
  An ancestor (D:7)
  2 bushes
  31 fungi
  17 plants
85 creatures vanquished.

Grand Total: 892 creatures vanquished

Notes
Turn   | Place    | Note
-------+----------+-------------------------------------------
     0 | D:1      | grizmgrazm2 the Demonspawn Necromancer began the quest for the Orb.
     0 | D:1      | Reached XP level 1. HP: 13/13 MP: 3/3
   364 | D:1      | Reached skill level 1 in Fighting
   401 | D:1      | Gained mutation: A weak demonic guardian rushes to your aid. [demonic ancestry]
   401 | D:1      | Reached XP level 2. HP: 21/21 MP: 3/5
  1289 | D:2      | Reached XP level 3. HP: 22/26 MP: 3/6
  1998 | D:2      | Gained mutation: When hurt, damage is shared between your health and your magic reserves. [demonic ancestry]
  1998 | D:2      | Reached XP level 4. HP: 33/33 MP: 7/7
  2122 | D:2      | Found a runed door.
  2126 | D:2      | Noticed Crazy Yiuf
  2133 | D:2      | Killed Crazy Yiuf
  2422 | D:3      | Reached skill level 1 in Short Blades
  2432 | D:3      | Learned a level 3 spell: Vampiric Draining
  2527 | D:3      | Reached XP level 5. HP: 16/38 MP: 6/8
  2862 | D:3      | Found an ornate altar of the Wu Jian Council.
  3006 | D:3      | Learned a level 4 spell: Animate Dead
  3130 | D:3      | Reached skill level 5 in Necromancy
  3552 | D:4      | Found Isuesut's Assorted Antiques.
  3555 | D:4      | Bought 3 scrolls labeled HACUL USINUECS for 69 gold pieces
  3555 | D:4      | Bought a scroll labeled GOULOOVESA for 23 gold pieces
  3555 | D:4      | Bought a coppery potion for 20 gold pieces
  3818 | D:4      | Gained mutation: You have sharp fingernails. [demonic ancestry]
  3818 | D:4      | Reached XP level 6. HP: 42/46 MP: 0/9
  4634 | D:5      | Entered Level 5 of the Dungeon
  4830 | D:5      | Reached XP level 7. HP: 51/52 MP: 8/10
  5697 | D:6      | Gained mutation: You are partially covered in iridescent scales. (AC +2) [demonic ancestry]
  5697 | D:6      | Reached XP level 8. HP: 61/61 MP: 11/11
  6009 | D:6      | Found Tifotz's General Store.
  6017 | D:6      | Bought a potion of might for 60 gold pieces
  6017 | D:6      | Bought a scroll of identify for 30 gold pieces
  6038 | D:6      | Learned a level 3 spell: Dazzling Spray
  6153 | D:6      | Noticed Sigmund
  6195 | D:6      | Reached skill level 5 in Fighting
  6290 | D:6      | Killed Sigmund
  6290 | D:6      | Reached skill level 1 in Conjurations
  6290 | D:6      | Reached skill level 1 in Hexes
  6515 | D:6      | Found Meidd's Assorted Antiques.
  6567 | D:6      | Found a blossoming altar of Fedhas.
  6569 | D:6      | Found a hazy altar of Hepliaklqana.
  6577 | D:6      | Became a worshipper of Hepliaklqana the Forgotten
  6889 | D:7      | Reached skill level 5 in Dodging
  7092 | D:7      | Found a staircase to the Ecumenical Temple.
  7152 | D:7      | Reached XP level 9. HP: 50/61 MP: 7/13
  7510 | D:7      | Reached * piety under Hepliaklqana
  7683 | D:7      | Found a stormy altar of Qazlal.
  8249 | D:8      | Found a white marble altar of Elyvilon.
  8249 | D:8      | Found a hide-covered altar of Uskayaw.
  8249 | D:8      | Found a glowing silver altar of Zin.
  8488 | D:8      | Got a transparent rapier
  8489 | D:8      | Identified the +7 rapier "Ajuug" {venom, MP-9 Int+5} (You found it on level 8 of the Dungeon)
  8603 | D:8      | Reached ** piety under Hepliaklqana
  8605 | D:8      | Remembered your ancestor Sunngifu as a hexer
  8810 | D:9      | Found a staircase to the Lair.
  8902 | D:9      | Noticed a troll
  9147 | D:9      | Found a staircase to the Orcish Mines.
  9260 | D:9      | Reached skill level 5 in Stealth
  9354 | D:9      | Killed a troll
  9548 | D:9      | Found an ancient bone altar of Kikubaaqudgha.
  9904 | D:9      | Gained mutation: You are mostly covered in iridescent scales. (AC +4) [demonic ancestry]
  9904 | D:9      | Reached XP level 10. HP: 69/69 MP: 15/15
 10264 | D:10     | Entered Level 10 of the Dungeon
 10471 | D:10     | Learned a level 2 spell: Blink
 10569 | D:10     | Found a shimmering altar of Xom.
 10570 | D:10     | Found a shimmering altar of Xom.
 10571 | D:10     | Found a shimmering altar of Xom.
 10574 | D:10     | Found a shimmering altar of Xom.
 10586 | D:10     | Found a shimmering altar of Xom.
 10626 | D:10     | Reached *** piety under Hepliaklqana
 11002 | D:11     | Reached skill level 1 in Translocations
 11166 | D:11     | Found Wuroudah's Jewellery Shop.
 11174 | D:11     | Bought an uncursed amulet of faith for 480 gold pieces
 11176 | D:11     | Bought a cursed +2 ring of dexterity for 54 gold pieces
 11406 | D:11     | Found Loig's Book Shoppe.
 11470 | D:11     | Noticed a gargoyle
 11473 | D:11     | Noticed a two-headed ogre
 11548 | D:11     | Killed a gargoyle
 11577 | D:11     | Killed a two-headed ogre
 11825 | D:11     | Found Kuhoitin's Assorted Antiques.
 11897 | D:11     | Found a shattered altar of Ashenzari.
 11924 | D:11     | Noticed a two-headed ogre
 11925 | D:11     | Killed a two-headed ogre
 11925 | D:11     | Reached skill level 5 in Short Blades
 11925 | D:11     | Gained mutation: You have very sharp fingernails. [demonic ancestry]
 11925 | D:11     | Reached XP level 11. HP: 77/77 MP: 16/18
 11982 | D:11     | Found Cetwysergh's Armour Emporium.
 12199 | D:11     | Noticed a cyan ugly thing
 12220 | D:11     | Killed a cyan ugly thing
 12580 | Lair:1   | Entered Level 1 of the Lair of Beasts
 12593 | Lair:1   | Noticed Fannar
 12620 | D:9      | Reached skill level 5 in Spellcasting
 12905 | Lair:1   | Killed Fannar
 13000 | Lair:1   | Reached **** piety under Hepliaklqana
 13109 | Lair:1   | Noticed Cofein's ghost (journeyman TrBe)
 13808 | Lair:2   | Noticed Urug
 14028 | Lair:2   | Killed Urug
 14281 | Lair:3   | Noticed a six-headed hydra
 14296 | Lair:3   | Killed a six-headed hydra
 14592 | Lair:2   | Reached skill level 5 in Conjurations
 14595 | Lair:2   | Reached skill level 5 in Hexes
 14861 | Lair:3   | Reached XP level 12. HP: 53/87 MP: 5/20
 14866 | Lair:3   | Noticed Nergalle
 14885 | Lair:3   | Killed Nergalle
 14885 | Lair:3   | Reached skill level 10 in Fighting
 15215 | Lair:3   | Reached ***** piety under Hepliaklqana
 16422 | Lair:4   | Found a hole to the Spider Nest.
 16752 | Lair:4   | Found a staircase to the Shoals.
 16868 | Lair:4   | Noticed Josephine
 16885 | Lair:4   | Killed Josephine
 16897 | Lair:4   | Noticed a six-headed hydra
 19112 | Orc:1    | Entered Level 1 of the Orcish Mines
 19600 | Orc:1    | Reached XP level 13. HP: 71/95 MP: 5/21
 20442 | Orc:1    | Noticed an ettin
 20467 | Orc:1    | Killed an ettin
 20905 | Orc:1    | Noticed an ettin
 20916 | Orc:1    | Killed an ettin
 21601 | Orc:1    | Noticed a fire giant
 22715 | Orc:1    | Found a roughly hewn altar of Beogh.
 23101 | Orc:1    | Killed a fire giant
 23149 | Orc:1    | Got a brightly glowing dagger
 23167 | Orc:1    | Identified Sif Muna's Compendium of Good Luck and Glamour
 23190 | Orc:1    | Identified the cursed +0 dagger of Satyriasis {venom, +Blink rF+ Str+4} (You found it on level 1 of the Orcish Mines)
 23320 | D:11     | Bought a book of Unlife for 780 gold pieces
 23327 | D:11     | Learned a level 6 spell: Death Channel
 23475 | Lair:1   | Killed Cofein's ghost
 24178 | Lair:1   | Reached ****** piety under Hepliaklqana
 26206 | Lair:5   | Noticed an entropy weaver
 26235 | Lair:5   | Killed an entropy weaver
 26612 | Lair:5   | Noticed an entropy weaver
 26922 | Lair:5   | Killed an entropy weaver
 26922 | Lair:5   | Reached XP level 14. HP: 101/103 MP: 23/25
 28730 | Lair:5   | Found a staircase to the Slime Pits.
 28787 | Lair:6   | Entered Level 6 of the Lair of Beasts
 31148 | Lair:6   | Reached skill level 10 in Dodging
 31375 | Lair:6   | Found a large runed door.
 31770 | Lair:6   | Found a large runed door.
 31923 | Lair:6   | Reached skill level 10 in Necromancy
 32657 | D:12     | Noticed a fire giant
 32676 | D:12     | Killed a fire giant
 32973 | D:12     | Found Ikhleffol's Antique Armour Emporium.
 33131 | D:12     | Got a crystal long sword
 33132 | D:12     | Identified the +3 long sword of Ambiguity {slice, rPois} (You found it on level 12 of the Dungeon)
 33137 | D:12     | Bought a pair of glowing gloves for 180 gold pieces
 33137 | D:12     | Bought a pair of boots for 108 gold pieces
 34270 | D:13     | Learned a level 5 spell: Fireball
 34482 | D:13     | Reached skill level 1 in Fire Magic
 35106 | D:13     | Gained mutation: You have claws for hands. [demonic ancestry]
 35106 | D:13     | Reached XP level 15. HP: 80/109 MP: 16/28
 35847 | D:14     | You fall through a shaft!
 35847 | D:15     | Entered Level 15 of the Dungeon
 35847 | D:15     | Noticed Kirke
 35888 | D:14     | Found a portal to a secret trove of treasure.
 35894 | D:14     | Found a gate to the Vaults.
 35905 | D:14     | Found a runed door.
 35941 | D:13     | Reached skill level 5 in Fire Magic
 36497 | D:13     | Paralysed by an ogre mage for 2 turns
 38553 | D:14     | Killed Kirke
 38965 | D:15     | Paralysed by an ogre mage for 7 turns
 39338 | D:15     | Reached skill level 10 in Fire Magic
 40219 | D:15     | Found a staircase to the Depths.
 40536 | Orc:2    | Entered Level 2 of the Orcish Mines
 40868 | Orc:2    | Found a staircase to the Elven Halls.
 40913 | Orc:2    | Found a labyrinth entrance.
 40937 | Lab      | Entered a labyrinth
 41187 | Lab      | Identified the Catalogue of Frigorific Toxins
 42592 | Orc:1    | Learned a level 4 spell: Sticky Flame
 42826 | Orc:2    | Reached skill level 10 in Conjurations
 42826 | Orc:2    | Gained mutation: Your flesh is cold resistant. (rC+) [demonic ancestry]
 42826 | Orc:2    | Reached XP level 16. HP: 79/116 MP: 12/29
 43154 | Orc:2    | Reached skill level 10 in Spellcasting
 43191 | Orc:2    | Found Faghem's Book Emporium.
 43192 | Orc:2    | Found Hedais's Distillery.
 43192 | Orc:2    | Found Ujafax's Gadget Emporium.
 43192 | Orc:2    | Found Weus's Antique Armour Boutique.
 43223 | Orc:2    | Bought a potion of might for 60 gold pieces
 43223 | Orc:2    | Bought a potion of cancellation for 120 gold pieces
 43223 | Orc:2    | Bought a potion of magic for 120 gold pieces
 43726 | Spider:1 | Entered Level 1 of the Spider Nest
 44875 | Shoals:1 | Entered Level 1 of the Shoals
 46381 | Shoals:1 | HP: 4/116 [water nymph (2)]
 46381 | Shoals:1 | Drowned by a water nymph

Vault maps used:
D:1:      matt_arrival_spirals
D:2:      kennysheep_the_goblin_king, serial_bayou, serial_bayou_pond_c,
          serial_bayou_ford_a, serial_bayou_lagoon_a, serial_bayou_pond_e,
          uniq_crazy_yiuf_cottage
D:3:      nicolae_overflow_crystal_walls
D:4:      serial_shops, nicolae_shop_behind_doors, first_ration
D:6:      grunt_temple_overflow_open, serial_shops, shop, shop,
          grunt_ministairs_8, uniq_sigmund
D:7:      minmay_temple_entry_hall, serial_glass, glass_columns_a,
          glass_columns_b, glass_columns_b, glass_columns_a, the_bakery,
          hangedman_decor_riveting, hangedman_abyss_or_decor_lesser_grid,
          nicolae_qazlal_eye_of_the_storm
D:8:      gammafunk_temple_overflow_forgotten
D:9:      erik_lair_island, basic_altar, minmay_nine_imps
D:10:     xom_shifter_show
D:11:     serial_shops, shop_statue, nicolae_shop_behind_doors,
          nicolae_shop_trees, shop, nicolae_ashenzari_panopticon
D:12:     minmay_firetagon, serial_shops, shop, bh_chokoban
D:14:     david_vaults_2, minmay_misc_feat_enclosed,
          nicolae_trove_entry_crossroad, kennysheep_treasure_room
D:15:     grunt_enter_depths_magical_seal, minivault_25, grunt_ministairs_7,
          uniq_kirke
Lair:1:   minmay_stone_trees_small, beast_lair_carwin_5, uniq_fannar
Lair:2:   lemuel_fruit_fields, lemuel_fruit_tree, uniq_urug
Lair:3:   grunt_forest_stairs_basic, grunt_megastairs_1, uniq_nergalle
Lair:4:   minmay_shoals_entry_centaurs, nicolae_spider_entry_tight_spaces,
          st_stairs_13, minivault_27, uniq_josephine
Lair:5:   dpeg_slime_entry_corner, minivault_29
Lair:6:   cheibrodos_lair_end_hotspot, st_stairs_4, kennysheep_basilisk_garden
Shoals:1: portal_ice_cave_entry_ice_statue_one
Orc:1:    giant_chief_lemuel, basic_altar, serial_shops
Orc:2:    st_orc_ogre_mass, lab_entry_generic
Lab:      labyrinth_mini_lab

Skill      XL: |  1  2  3  4  5  6  7  8  9 10 11 12 13 14 15 16 |
---------------+-------------------------------------------------+-----
Fighting       | 1 2 3 4 5 6 8 9 11 12 | 12.9
Stealth        | 2 3 4 5 7 8 |  8.2
Dodging        | 2 3 4 5 6 7 8 9 10 | 10.3
Short Blades   | 1 2 3 4 5 6 7 8 |  8.4
Necromancy     | 5 6 8 10 | 10.4
Conjurations   | 2 4 5 6 7 10 | 10.4
Hexes          | 2 4 5 6 7 |  7.2
Spellcasting   | 3 4 5 7 9 10 | 10.2
Translocations | 3 4 |  4.1
Fire Magic     | 2 12 | 12.7

Action                   |  1- 3 |  4- 6 |  7- 9 | 10-12 | 13-15 | 16-18 || total
-------------------------+-------+-------+-------+-------+-------+-------++-------
Melee: Club              |    12 |       |       |       |       |       ||    12
       Dagger            |    61 |   228 |   282 |   769 |  1662 |   138 ||  3140
       Mace              |    10 |       |       |       |       |       ||    10
       Rapier            |       |       |     7 |       |       |       ||     7
       Long sword        |       |       |       |       |    73 |    45 ||   118
       Unarmed           |       |       |       |       |    16 |       ||    16
 Cast: Pain              |    35 |    22 |    23 |     8 |     4 |     1 ||    93
       Vampiric Draining |       |     6 |    13 |     4 |     9 |     1 ||    33
       Dazzling Spray    |       |       |    23 |   115 |   258 |    26 ||   422
       Blink             |       |       |       |     3 |     6 |     1 ||    10
       Animate Dead      |       |       |       |       |    84 |     6 ||    90
       Sticky Flame      |       |       |       |       |     6 |     2 ||     8
       Fireball          |       |       |       |       |       |     9 ||     9
Invok: Recall Ancestor   |       |       |     1 |     2 |     1 |     1 ||     5
       Ancestor Life: He |       |       |     1 |       |       |       ||     1
       Ancestor Identity |       |       |     1 |       |       |       ||     1
Evoke: Wand              |       |       |       |     5 |     8 |       ||    13
  Use: Scroll            |     2 |    18 |     7 |    15 |    12 |     4 ||    58
       Potion            |       |       |     3 |    17 |     6 |     5 ||    31
 Stab: Sleeping          |     1 |     3 |     6 |    14 |     6 |       ||    30
       Invisible         |       |       |     2 |    23 |    74 |     1 ||   100
       Confused          |       |       |     1 |     2 |    19 |       ||    22
       Distracted        |       |       |       |    10 |    27 |     5 ||    42
       Paralysed         |       |       |       |       |    13 |     3 ||    16
  Eat: Chunk             |     4 |     5 |     8 |    21 |    21 |     3 ||    62
       Ration            |       |     2 |     3 |     4 |    17 |     3 ||    29
Armor: Robe              |    19 |    52 |   115 |   220 |    32 |       ||   438
       Fire dragon scale |       |       |       |       |   810 |   131 ||   941
Dodge: Dodged            |    69 |   159 |   251 |   547 |  1015 |   142 ||  2183
       Rpst.: Long sword |       |       |       |       |    18 |    18 ||    36

Table legend:
 A = Spawn XP
 B = Non-spawn XP
 C = Spawn XP percentage of total XP
 D = Spawn monster count
 E = Non-spawn monster count
 F = Spawn count percentage of total count
 G = Total turns spent on level
                    A         B        C        D         E        F      G
               +---------+---------+-------+---------+---------+-------+---------
         Total |       0 |  167672 |   0.0 |       0 |     803 |   0.0 | 46381
               +---------+---------+-------+---------+---------+-------+---------
           D:1 |       0 |      30 |   0.0 |       0 |      17 |   0.0 |  1166
           D:2 |       0 |     129 |   0.0 |       0 |      27 |   0.0 |  1136
           D:3 |       0 |     166 |   0.0 |       0 |      34 |   0.0 |  1173
           D:4 |       0 |     307 |   0.0 |       0 |      26 |   0.0 |  1159
           D:5 |       0 |     702 |   0.0 |       0 |      16 |   0.0 |  1094
           D:6 |       0 |     993 |   0.0 |       0 |      21 |   0.0 |  1059
           D:7 |       0 |    1010 |   0.0 |       0 |      20 |   0.0 |  1208
           D:8 |       0 |     710 |   0.0 |       0 |      17 |   0.0 |   789
           D:9 |       0 |    2680 |   0.0 |       0 |      34 |   0.0 |  2176
          D:10 |       0 |    1366 |   0.0 |       0 |      11 |   0.0 |   882
          D:11 |       0 |    5057 |   0.0 |       0 |      36 |   0.0 |  1723
          D:12 |       0 |    8499 |   0.0 |       0 |      36 |   0.0 |  1917
          D:13 |       0 |    7557 |   0.0 |       0 |      33 |   0.0 |  2013
          D:14 |       0 |   12534 |   0.0 |       0 |      37 |   0.0 |  2377
          D:15 |       0 |   18250 |   0.0 |       0 |      38 |   0.0 |  1781
        Lair:1 |       0 |    6301 |   0.0 |       0 |      22 |   0.0 |  1970
        Lair:2 |       0 |    4302 |   0.0 |       0 |      17 |   0.0 |  1633
        Lair:3 |       0 |    9286 |   0.0 |       0 |      33 |   0.0 |  2146
        Lair:4 |       0 |   14331 |   0.0 |       0 |      64 |   0.0 |  5527
        Lair:5 |       0 |   17063 |   0.0 |       0 |      60 |   0.0 |  3374
        Lair:6 |       0 |   13709 |   0.0 |       0 |      60 |   0.0 |  2387
      Shoals:1 |       0 |    5274 |   0.0 |       0 |      11 |   0.0 |   870
      Spider:1 |       0 |     457 |   0.0 |       0 |       2 |   0.0 |    43
         Orc:1 |       0 |   24378 |   0.0 |       0 |      92 |   0.0 |  5061
         Orc:2 |       0 |   11366 |   0.0 |       0 |      38 |   0.0 |  1436
           Lab |       0 |    1215 |   0.0 |       0 |       1 |   0.0 |   281
               +---------+---------+-------+---------+---------+-------+---------
